 Dungeon Crawl Stone Soup version 0.29.0-4-gdea44cf6ec (webtiles) character file.

Game seed: 12951812504020868672

323 qw the Cleaver (level 6, -1/52 HPs)
             Began as a Minotaur Berserker on Sept 8, 2022.
             Was a Priest of Trog.
             Slain by Pikel
             ... wielding a +1 whip of flaming
              (5 damage)
             ... on level 4 of the Dungeon.
             The game lasted 00:01:23 (3692 turns).

qw the Cleaver (Minotaur Berserker)                 Turns: 3692, Time: 00:01:23

Health: -1/52      AC:  6    Str: 24    XL:     6   Next: 23%
Magic:  5/5        EV: 10    Int:  4    God:    Trog [***...]
Gold:   241        SH:  0    Dex:  9    Spells: 5/5 levels left

rFire   . . .      SeeInvis .   Y - +0 hand axe
rCold   . . .      Faith    .   (no shield)
rNeg    . . .      Spirit   .   a - +0 scale mail
rPois   .          Reflect  .   (helmet restricted)
rElec   .          Harm     .   b - scarf {repulsion}
rCorr   .          Rampage  .   (no gloves)
Will    .....                   (no boots)
Stlth   ..........              (no amulet)
HPRegen 0.17/turn               (no ring)
MPRegen 0.09/turn               (no ring)

@: on berserk cooldown, slowed, repel missiles, very slow
A: horns 2, retaliatory headbutt
a: Renounce Religion, Berserk, Trog's Hand


You were on level 4 of the Dungeon.
You worshipped Trog.
Trog was most pleased with you.
You visited 1 branch of the dungeon, and saw 4 of its levels.

You collected 241 gold pieces.


Innate Abilities, Weirdness & Mutations

You have a pair of horns on your head.
You reflexively headbutt those who attack you in melee.


   Skills:
 - Level 4.0 Fighting
 + Level 8.3 Axes
 - Level 2.4 Armour
 - Level 2.1 Dodging


You had 5 spell levels left.
You didn't know any spells.
Your spell library was empty.

Inventory:

Hand Weapons
 g - a +0 whip
 Y - a +0 hand axe (weapon)
Armour
 a - a +0 scale mail (worn)
 b - a scarf of repulsion (worn)
Jewellery
 e - a ring of resist corrosion
Scrolls
 d - a scroll of identify
 i - a scroll of enchant armour {unknown}
Potions
 h - a potion of brilliance {unknown}

Dungeon Overview and Level Annotations

Branches:
Dungeon (4/15)
 Temple: D:4-7

Altars:
Dithmenos

Shops:
D:1 :

Annotations:
D:3 1 runed translucent door, Crazy Yiuf
D:4 Pikel


Message History

You slash the lemure! Your headbutt misses the lemure.
The lemure is severely wounded.
You hit the lemure.
The lemure is almost dead.
The lemure misses you. You furiously retaliate!
You headbutt the lemure!!
You kill the lemure!
That felt strangely unrewarding.
You start resting.
You feel a strong urge to attack something.
Pikel is nearby!
You feel your anger nearly subside.
You are no longer berserk.
You are exhausted.
You feel yourself slow down.
Pikel shouts!
Pikel cracks his whip.
Pikel says, "You'll feel the lick of my whip!"
Pikel barely misses you.
You hit Pikel but do no damage. Pikel closely misses you.
You closely miss Pikel.
Pikel hits you with a +1 whip of flaming.
Pikel burns you.
You barely miss Pikel. Your headbutt misses Pikel.
Pikel hits you with a +1 whip of flaming.
Pikel burns you.
Pikel hits you with a +1 whip of flaming.
Pikel burns you.
You hit Pikel but do no damage. You headbutt Pikel.
Pikel is lightly wounded.
Pikel hits you but does no damage.
You closely miss Pikel. Your headbutt misses Pikel.
Pikel is lightly wounded.
Pikel barely misses you.
You hit Pikel.
Pikel is lightly wounded.
Pikel hits you with a +1 whip of flaming.
Pikel burns you.
Pikel hits you with a +1 whip of flaming!
Pikel burns you.
You die...

..#
#............#.########.#.###
### #.#......#####.# #.#...#
##..##....# #.########!#####
#......5..# #.##........# #
#....5...K# #.##........#
#.........# #.##........#
#.........# #.##........#
#.......5)#####.########.##
.........###..K@....######.#
....####.# #..............<#
.... #...#.........#####.# ##
... ###.......###.## #.# #. .
#######......# #.####.
#####..####...<#.
#.....######. #........# #.
##.###...###.


You could see Pikel and a lemure (wandering).

Vanquished Creatures
  A black bear (D:4)
  3 lemures (D:4)
  A jelly (D:4)
  An orc wizard (D:4)
  Robin (D:3)
  4 gnolls
  3 adders
  2 dart slugs
  4 orcs (D:4)
  7 endoplasms
  4 giant cockroaches
  19 goblins
  8 hobgoblins
  2 jackals (D:4)
  8 kobolds
  2 quokkas (D:3)
  6 ball pythons
  5 bats
  4 frilled lizards
  5 rats
  A spectral hobgoblin (D:1)
91 creatures vanquished.

Vanquished Creatures (others)
  5 fungi (D:2)
5 creatures vanquished.

Grand Total: 96 creatures vanquished

Notes
Turn   | Place    | Note
-------+----------+-------------------------------------------
     0 | D:1      | qw the Minotaur Berserker began the quest for the Orb.
     0 | D:1      | Reached XP level 1. HP: 19/19 MP: 0/0
     0 | D:1      | 0 ||| qw: Version: 0.1-a-112-g44dc6cd
     0 | D:1      | 0 ||| qw: Game counter: 6657
     0 | D:1      | 0 ||| qw: Always use a shield: true
     0 | D:1      | 0 ||| qw: Do Orc after D:15 true
     0 | D:1      | 0 ||| qw: Do second Lair branch before Depths: true
     0 | D:1      | 0 ||| qw: Lair rune preference: random
     0 | D:1      | 0 ||| qw: Plans: Normal
     0 | D:1      | 0 ||| PLANNING D:1-11
    63 | D:1      | Found a faded altar of an unknown god.
    64 | D:1      | 64 ||| Stepping ~*~*~tactically~*~*~ (stealth).
    66 | D:1      | 66 ||| Stepping ~*~*~tactically~*~*~ (stealth).
   136 | D:1      | 136 ||| Stepping ~*~*~tactically~*~*~ (stealth).
   142 | D:1      | Reached skill level 4 in Axes
   412 | D:1      | 412 ||| Stepping ~*~*~tactically~*~*~ (stealth).
   415 | D:1      | 415 ||| Stepping ~*~*~tactically~*~*~ (stealth).
   436 | D:1      | Found Akhlymauss's Vocational Training.
   469 | D:1      | 469 ||| Stepping ~*~*~tactically~*~*~ (stealth).
   470 | D:1      | 470 ||| Stepping ~*~*~tactically~*~*~ (stealth).
   474 | D:1      | Reached XP level 2. HP: 26/26 MP: 1/1
   872 | D:1      | 872 ||| Stepping ~*~*~tactically~*~*~ (hiding).
   916 | D:1      | 916 ||| Stepping ~*~*~tactically~*~*~ (stealth).
  1135 | D:1      | 1135 ||| READING scroll labelled VIURUO UCWE.
  1136 | D:1      | 1136 ||| READING 2 scrolls labelled NABOIM QIMNIEF.
  1137 | D:1      | 1137 ||| READING scroll labelled BIOTID WIMAGH.
  1149 | D:2      | 1149 ||| STAIRDANCE
  1151 | D:1      | 1151 ||| INVOKING Berserk.
  1155 | D:1      | Reached skill level 5 in Axes
  1155 | D:1      | Reached XP level 3. HP: 24/31 MP: 2/2
  1299 | D:2      | 1299 ||| STAIRDANCE
  1301 | D:1      | 1301 ||| INVOKING Berserk.
  1443 | D:2      | 1443 ||| INVOKING Berserk.
  1444 | D:2      | 1444 ||| STAIRDANCE
  1614 | D:2      | Reached ** piety under Trog
  1689 | D:2      | Reached XP level 4. HP: 39/39 MP: 3/3
  1690 | D:2      | 1690 ||| Stepping ~*~*~tactically~*~*~ (stealth).
  1691 | D:2      | 1691 ||| Stepping ~*~*~tactically~*~*~ (stealth).
  1695 | D:2      | 1695 ||| Stepping ~*~*~tactically~*~*~ (stealth).
  1702 | D:2      | Reached skill level 6 in Axes
  1724 | D:2      | 1724 ||| Stepping ~*~*~tactically~*~*~ (stealth).
  1729 | D:2      | 1729 ||| Stepping ~*~*~tactically~*~*~ (stealth).
  1748 | D:2      | You fall into a shaft and drop 2 floors!
  1797 | D:4      | Found a shadowy altar of Dithmenos.
  1806 | D:4      | 1806 ||| UPGRADING to +0 scale mail.
  1816 | D:4      | 1816 ||| INVOKING Berserk.
  1932 | D:4      | 1932 ||| DROPPING +0 animal skin.
  1981 | D:4      | Noticed a black bear
  1983 | D:4      | 1983 ||| INVOKING Berserk.
  1985 | D:4      | Killed a black bear
  1986 | D:4      | Reached skill level 7 in Axes
  1986 | D:4      | Reached XP level 5. HP: 45/45 MP: 4/4
  2005 | D:4      | 2005 ||| Stepping ~*~*~tactically~*~*~ (stealth).
  2018 | D:4      | 2018 ||| Stepping ~*~*~tactically~*~*~ (stealth).
  2026 | D:4      | 2026 ||| Stepping ~*~*~tactically~*~*~ (stealth).
  2146 | D:4      | 2146 ||| READING scroll labelled ATZOAWKATRU.
  2147 | D:4      | 2147 ||| READING 3 scrolls of identify.
  2147 | D:4      | 2147 ||| IDENTIFYING metallic amethyst potion
  2148 | D:4      | 2148 ||| READING 2 scrolls of identify.
  2148 | D:4      | 2148 ||| IDENTIFYING yellow potion
  2149 | D:4      | 2149 ||| DROPPING potion of ambrosia.
  2260 | D:2      | 2260 ||| Stepping ~*~*~tactically~*~*~ (stealth).
  2455 | D:2      | 2455 ||| Stepping ~*~*~tactically~*~*~ (stealth).
  2456 | D:2      | 2456 ||| Stepping ~*~*~tactically~*~*~ (stealth).
  2468 | D:2      | 2468 ||| UPGRADING to scarf of repulsion.
  2548 | D:3      | 2548 ||| Stepping ~*~*~tactically~*~*~ (stealth).
  2710 | D:3      | Noticed Robin
  2719 | D:3      | 2719 ||| INVOKING Berserk.
  2729 | D:3      | Killed Robin
  2921 | D:3      | Reached skill level 8 in Axes
  2958 | D:3      | Reached XP level 6. HP: 52/52 MP: 5/5
  3043 | D:3      | 3043 ||| FLEEEEING.
  3192 | D:3      | Found a runed translucent door.
  3193 | D:3      | Noticed Crazy Yiuf
  3299 | D:3      | 3299 ||| READING 3 scrolls of identify.
  3299 | D:3      | 3299 ||| IDENTIFYING puce potion
  3300 | D:3      | 3300 ||| READING 2 scrolls of identify.
  3300 | D:3      | 3300 ||| IDENTIFYING fuming blue potion
  3301 | D:3      | 3301 ||| DROPPING potion of degeneration.
  3302 | D:3      | 3302 ||| DROPPING potion of berserk rage.
  3405 | D:4      | 3405 ||| Stepping ~*~*~tactically~*~*~ (stealth).
  3468 | D:4      | Noticed Pikel
  3469 | D:4      | 3469 ||| Stepping ~*~*~tactically~*~*~ (stealth).
  3470 | D:4      | 3470 ||| Stepping ~*~*~tactically~*~*~ (stealth).
  3476 | D:4      | 3476 ||| Stepping ~*~*~tactically~*~*~ (stealth).
  3477 | D:4      | 3477 ||| Stepping ~*~*~tactically~*~*~ (stealth).
  3524 | D:4      | 3524 ||| Stepping ~*~*~tactically~*~*~ (stealth).
  3526 | D:4      | 3526 ||| Stepping ~*~*~tactically~*~*~ (hiding).
  3531 | D:4      | Reached *** piety under Trog
  3532 | D:4      | 3532 ||| INVOKING Berserk.
  3557 | D:4      | HP: 11/52 [Pikel/+1 whip of flaming (3)]
  3558 | D:4      | 3558 ||| READING scroll of teleportation.
  3559 | D:4      | 3559 ||| DRINKING potion of heal wounds.
  3657 | D:4      | 3657 ||| Stepping ~*~*~tactically~*~*~ (stealth).
  3658 | D:4      | 3658 ||| Stepping ~*~*~tactically~*~*~ (stealth).
  3660 | D:4      | 3660 ||| Stepping ~*~*~tactically~*~*~ (stealth).
  3664 | D:4      | 3664 ||| Stepping ~*~*~tactically~*~*~ (stealth).
  3677 | D:4      | 3677 ||| Stepping ~*~*~tactically~*~*~ (stealth).
  3678 | D:4      | 3678 ||| INVOKING Berserk.
  3692 | D:4      | HP: 13/52 [Pikel/+1 whip of flaming (1)]
  3692 | D:4      | HP: 4/52 [Pikel/+1 whip of flaming (9)]
  3692 | D:4      | Slain by Pikel

Levels and vault maps discovered:
D:1:      saegor_arrival_fortress, layout_rooms,
          dreamdust_ecumenical_altar_drowned_temple, kennysheep_doodads,
          nicolae_shop_vocational
D:2:      layout_rooms, dreamdust_mushroom_princess
D:3:      wad_river_or_something, layout_rooms, chequers_serial_rivers_room_b,
          columned_hall_lemuel, nicolae_figureground_sparkle,
          uniq_crazy_yiuf_cottage, uniq_robin
D:4:      layout_basic, nicolae_dithmenos_through_a_glass_darkly, fountainhead,
          uniq_pikel, uniq_menkaure

Skill      XL: |  1  2  3  4  5 |
---------------+----------------+-----
Axes           | 4 5 7 8 |  8.3
Fighting       | 4 |  4.0
Armour         | |  2.4
Dodging        | |  2.1

Action                   |  1- 3 |  4- 6 || total
-------------------------+-------+-------++-------
Melee: Hand axe          |    67 |   145 ||   212
       Punch             |     1 |     1 ||     2
       Headbutt          |     9 |    21 ||    30
Invok: Berserk           |     3 |     5 ||     8
  Use: Scroll            |     3 |     6 ||     9
       Potion            |       |     1 ||     1
Armor: Animal skin       |     7 |       ||     7
       Scale mail        |       |    31 ||    31
       Skin              |       |     5 ||     5
Dodge: Dodged            |    29 |    46 ||    75
       Repelled          |       |     1 ||     1

Table legend:
 A = Non-vault XP
 B = Vault XP
 C = Vault XP percentage of total XP
 D = Non-vault monster count
 E = Vault monster count
 F = Vault count percentage of total count
                 A         B        C        D         E       F
            +---------+---------+-------+---------+---------+-------
      Total |     409 |      53 |  11.5 |      65 |      23 |  26.1
            +---------+---------+-------+---------+---------+-------
        D:1 |      68 |       1 |   1.4 |      19 |       1 |   5.0
        D:2 |      54 |       0 |   0.0 |      18 |       0 |   0.0
        D:3 |      34 |      52 |  60.5 |      12 |      22 |  64.7
        D:4 |     253 |       0 |   0.0 |      16 |       0 |   0.0
            +---------+---------+-------+---------+---------+-------
